 Dungeon Crawl Stone Soup version 0.27.1 (webtiles) character file.

Game seed: 1255902115098574340

39 Malachi the Skirmisher (level 3, -1/33 HPs)
             Began as a Ghoul Fighter on Aug 27, 2021.
             Slain by a goblin (2 damage)
             ... led by Robin
             ... on level 2 of the Dungeon.
             The game lasted 00:01:08 (1117 turns).

Malachi the Skirmisher (Ghoul Fighter)              Turns: 1117, Time: 00:01:09

Health: -1/33      AC:  6    Str: 20    XL:     3   Next: 47%
Magic:  2/2        EV:  7    Int:  3    God:
Gold:   26         SH:  8    Dex:  8    Spells: 2/2 levels left

rFire    . . .     SeeInvis .   a - +0 trident
rCold    + . .     Faith    .   c - +0 kite shield
rNeg     + + +     Spirit   .   b - +0 scale mail
rPois    ∞         Reflect  .   (no helmet)
rElec    .         Harm     .   e - scarf {repulsion}
rCorr    .         Rampage  .   (no gloves)
Will     .....                  (no boots)
Stlth    ..........             (no amulet)
HPRegen  0.00/turn              (no ring)
MPRegen  0.08/turn              (no ring)

@: mighty, inhibited regen, repel missiles
A: claws 1, cold resistance 1, negative energy resistance 3, inhibited
regeneration, torment resistance 2
a: no special abilities


You were on level 2 of the Dungeon.
You visited 1 branch of the dungeon, and saw 2 of its levels.

You collected 26 gold pieces.

Inventory:

Hand Weapons
 a - a +0 trident (weapon)
 h - a +1 short sword of freezing
Armour
 b - a +0 scale mail (worn)
 c - a +0 kite shield (worn)
 e - a scarf of repulsion (worn)
Scrolls
 j - a scroll of amnesia
Potions
 g - 3 potions of curing {unknown}


   Skills:
 + Level 3.8 Fighting
 + Level 2.5 Polearms
 + Level 2.9 Armour
 + Level 0.1 Dodging
 + Level 0.1 Stealth
 + Level 2.9 Shields


You had 2 spell levels left.
You didn't know any spells.
Your spell library was empty.

Dungeon Overview and Level Annotations

Branches:
Dungeon (2/15)

Altars:

Annotations:
D:2 Robin


Innate Abilities, Weirdness & Mutations

You thrive by killing the living.
You are immune to poison.
You have sharp fingernails.
Your flesh is cold resistant. (rC+)
You are immune to negative energy. (rN+++)
You do not regenerate when monsters are visible.
You are immune to unholy pain and torment.


Message History

The goblin hits you with a +0 dagger. x2
The goblin hits you but does no damage. x2
You barely miss the goblin. The goblin hits you with a +0 dagger.
The goblin barely misses you.
The goblin hits you with a +0 dagger. x2
You closely miss the goblin. The goblin hits you with a +0 club.
Robin roars a battlecry!
You block the goblin's attack. The goblin hits you but does no damage.
A goblin comes into view. It is wielding a +0 dagger.
The goblin hits you with a +0 club. The goblin hits you but does no damage.
Unknown command.
You are too injured to fight recklessly!
Unknown command.
You are too injured to fight recklessly!
Unknown command.
You are too injured to fight recklessly!
Unknown command.
You closely miss the goblin. You block the goblin's attack.
The goblin hits you but does no damage. You block the goblin's attack.
The goblin hits you but does no damage.
You hit the goblin.
The goblin is severely wounded.
The goblin barely misses you. x2; The goblin hits you but does no damage.
The goblin barely misses you.
You closely miss the goblin.
The goblin is severely wounded.
The goblin hits you but does no damage. x2; The goblin hits you with a +0 club.
* * * LOW HITPOINT WARNING * * *
The goblin hits you with a +0 dagger.
* * * LOW HITPOINT WARNING * * *
You barely miss the goblin.
The goblin is severely wounded.
You block the goblin's attack. x2; The goblin hits you with a +0 dagger.
* * * LOW HITPOINT WARNING * * *
The goblin hits you but does no damage.
You closely miss the goblin.
The goblin is severely wounded.
The goblin hits you with a +0 club.
* * * LOW HITPOINT WARNING * * *
The goblin hits you but does no damage. The goblin hits you with a +0 dagger.
You die... #.# #.# #.# #.# ##### #.# ..g[ #.# gg#

########.# #g#
#.†.(.....
#@#######.########
#gg.......#
###########


You could see Robin and 5 goblins.

Vanquished Creatures
  An adder (D:2)
  2 endoplasms (D:1)
  2 giant cockroaches (D:1)
  4 goblins
  4 hobgoblins
  2 jackals (D:1)
  A quokka (D:1)
  2 ball pythons (D:1)
  3 bats
  2 frilled lizards (D:1)
  3 kobolds
  3 rats (D:1)
29 creatures vanquished.

Notes
Turn   | Place    | Note
-------+----------+-------------------------------------------
     0 | D:1      | Malachi the Ghoul Fighter began the quest for the Orb.
     0 | D:1      | Reached XP level 1. HP: 19/19 MP: 0/0
   163 | D:1      | Reached XP level 2. HP: 26/26 MP: 1/1
   668 | D:2      | Reached XP level 3. HP: 32/33 MP: 2/2
  1090 | D:2      | Noticed Robin
  1117 | D:2      | HP: 1/33 [goblin[Robin] (1)]
  1117 | D:2      | Slain by a goblin

Illustrated notes

Levels and vault maps discovered:
D:1:      evilmike_arrival_crescent, layout_rooms, minmay_misc_feat_square,
          st_stairs_11, grunt_decor_resistance, minmay_worlds_worst_comb
D:2:      layout_basic, ebering_ecumenical_altar_webs, uniq_robin

Skill      XL: |  1  2 |
---------------+-------+-----
Polearms       | 2 |  2.5
Fighting       | |  3.8
Armour         | |  2.9
Dodging        | |  0.1
Stealth        | |  0.1
Shields        | |  2.9

Action                   || total
-------------------------++-------
Melee: Trident           ||   118
  Use: Scroll            ||     2
       Potion            ||     2
Armor: Scale mail        ||    62
Dodge: Dodged            ||    37
Block: Kite shield       ||    62
